 Dungeon Sprint DCSS version 0.26-a0-1164-g1a551d6a14 (webtiles) character file.

Game seed: 6913941273698100003

7296 reriks the Unseen (level 10, 0/52 HPs)
             Began as a Spriggan Enchanter on Dec 23, 2020.
             Was a High Priest of Dithmenos.
             Slain by an unseen horror (3 damage)
             ... in the Dungeon (Sprint I: "Red Sonja").
             The game lasted 00:05:55 (2908 turns).

reriks the Unseen (Spriggan Enchanter)              Turns: 2908, Time: 00:05:55

Health: 0/52       AC:  6    Str:  0    XL:     10   Next: 89%
Magic:  26/26      EV: 22    Int: 13    God:    Dithmenos [*****.]
Gold:   465        SH:  6    Dex: 18    Spells: 34/37 levels left

rFire    . . .     SeeInvis +   a - +1 dagger
rCold    . . .     Faith    .   (shield restricted)
rNeg     . . .     Spirit   .   m - +0 troll leather armour
rPois    .         Reflect  .   (helmet restricted)
rElec    .         Harm     .   (no cloak)
rCorr    .         Rampage  .   (gloves unavailable)
Will     +....     Rnd*Rage +   (boots unavailable) Stlth ..........NoTele +
                                (no amulet)
HPRegen  0.00/turn              r - +4 ring of protection
MPRegen  0.20/turn              q - ring of wizardry

@: berserking (expiring), slowed, lost strength, wreathed by umbra, very quick
A: very small, unfitting armour, large bone plates 2, see invisible, berserk 2,
clumsy 1, deformed body, deterioration 1, dopey 2, speed 3, frail 2, low mp 1,
inhibited regeneration, weak 2
a: Renounce Religion, Shadow Step, Shadow Form


You were in the Dungeon.
You worshipped Dithmenos.
Dithmenos was extremely pleased with you.
You visited 1 branch You collected 949 gold pieces.
You spent 484 gold pieces at shops.

Inventory:

Hand Weapons
 a - a +1 dagger (weapon)
Missiles
 l - 9 curare-tipped darts (quivered)
Armour
 b - a +0 robe
 m - a +0 troll leather armour (worn)
Jewellery
 q - a ring of wizardry (right hand)
 r - a +4 ring of protection (left hand)
 s - an uncursed ring of willpower {unknown}
Wands
 c - a wand of polymorph (1)
 k - a wand of flame (14)
Scrolls
 i - a scroll of blinking
 n - a scroll of fear {unknown}
 p - a scroll of remove curse {unknown}
Potions
 d - 2 potions of degeneration {unknown}
 e - a potion of heal wounds
 f - a potion of haste
 g - 2 potions of magic
 h - 2 potions of attraction {unknown}
 j - a potion of flight {unknown}
 o - 3 potions of curing


   Skills:
 + Level 12.8 Short Blades
 + Level 16.2 Dodging
 + Level 17.6 Stealth
 + Level 14.0 Spellcasting
 + Level 14.2 Hexes


You had 34 spell levels left.
You knew the following spells:

 Your Spells              Type           Power        Failure   Level
a - Corona                Hex            51%          1%          1
b - Ensorcelled Hibernat  Hex/Ice        54%          1%          2

Your spell library contained the following spells:

 Spells                   Type           Power        Failure   Level
 Confusing Touch          Hex            46%          1%          3
 Dazzling Flash           Conj/Hex       54%          1%          3
 Tukima's Dance           Hex            46%          1%          3


Dungeon Overview and Level Annotations

Branches:
Dungeon (1/1)

Altars:
Cheibriados
Dithmenos
Elyvilon
Fedhas
Gozag
Hepliaklqana
Kikubaaqudgha
Makhleb
Nemelex Xobeh
Okawaru
Qazlal
Ru
Sif Muna
Trog
Uskayaw
Vehumet
Wu Jian
Xom
Yredelemnul
Zin
The Shining One
Jiyva
Lugonu

Shops:
D [=(([![


Innate Abilities, Weirdness & Mutations

You are very small and have problems with some larger weapons.
You are too small for most types of armour.
You have supernaturally acute eyesight. (SInv)
You cover ground extremely quickly.
You are mostly covered in large bone plates. (SH +6)
You often lose your temper in combat.
You are clumsy. (Dex -2)
Armour fits poorly on your strangely shaped body.
Your body sometimes deteriorates upon taking damage.
You are very dopey. (Int -4)
You are very frail. (-20% HP)
Your magical capacity is low. (-10% MP)
You do not regenerate when monsters are visible.
You are very weak. (Str -4)


Message History

A red film seems to cover your vision as you go berserk!
You feel yourself moving faster!
You feel mighty!
You hit the unseen horror.
The unseen horror is lightly wounded.
The unseen horror hits you.
* * * LOW HITPOINT WARNING * * *
The unseen horror hits you but does no damage.
The unseen horror closely misses you.
You feel a strong urge to attack something.
The unseen horror misses you.
The unseen horror completely misses you.
You hit the unseen horror.
The unseen horror is lightly wounded.
Your shadow closely misses the unseen horror.
The unseen horror barely misses you. The unseen horror hits you.
* * * LOW HITPOINT WARNING * * *
The unseen horror misses you.
The unseen horror completely misses you.
You feel a strong urge to attack something.
The unseen horror hits you.
You die...

..#__####..##.#§§§§§#§.#
.)#_____##'#_.+≈§≈§§§§.#
⌠⌠#_.∩...'..._#§§≈.§#§.#
###_..__##_.#'##§#####'###
#_____###'#.#.[..###.'§#
###########.####'###(###$#
∩........'...'.....'.∩##.#
##''''####...###########§#
.......####.###.@...§§##§#
........#.#'#.#.xx....§§§#
..#.....#.....#+++######§#
........#..)(.# #§#
.....#..####### +§#
........# ### ..#.....#
........# ##''''###


You could see 2 unseen horrors.

Vanquished Creatures
  2 centaur warriors (D)
  Sonja (D)
  A deep troll (D)
  8 shining eyes (D)
  An oklob plant (D)
  A hornet (D)
  A slime creature (D)
  Sigmund (D)
  2 redbacks (D)
  A yak (D)
  4 floating eyes (D)
  An ogre (D)
  A jelly (D)
  Ijyb (D)
  A ballistomycete spore (D)
27 creatures vanquished.

Vanquished Creatures (others)
  the Lernaean hydra (D)
  A gargoyle (D)
  2 merfolk sirens (D)
  A hellwing (D)
  3 hornets (D)
  A ballistomycete spore (D)
9 creatures vanquished.

Grand Total: 36 creatures vanquished

Notes
Turn   | Place    | Note
-------+----------+-------------------------------------------
     0 | D        | reriks the Spriggan Enchanter began the quest for the Orb.
     0 | D        | Reached XP level 1. HP: 9/9 MP: 5/5
     2 | D        | Noticed Ijyb
    38 | D        | Killed Ijyb
    39 | D        | Reached skill level 5 in Stealth
    39 | D        | Reached XP level 2. HP: 12/13 MP: 6/8
   134 | D        | Noticed an ogre
   146 | D        | Learned a level 2 spell: Ensorcelled Hibernation
   147 | D        | Killed an ogre
   148 | D        | Reached skill level 7 in Stealth
   148 | D        | Reached skill level 5 in Spellcasting
   148 | D        | Reached XP level 3. HP: 16/16 MP: 6/11
   148 | D        | Reached XP level 4. HP: 21/21 MP: 6/12
   208 | D        | Noticed Sigmund
   210 | D        | Killed Sigmund
   211 | D        | Reached skill level 9 in Stealth
   211 | D        | Reached XP level 5. HP: 24/24 MP: 12/15
   223 | D        | Found a shimmering blue altar of Sif Muna.
   224 | D        | Found an ornate altar of the Wu Jian Council.
   225 | D        | Found a radiant altar of Vehumet.
   230 | D        | Reached XP level 6. HP: 28/28 MP: 15/17
   258 | D        | Found Kafaqo's Antique Weapon Emporium.
   258 | D        | Found an ancient bone altar of Kikubaaqudgha.
   258 | D        | Found a hazy altar of Hepliaklqana.
   258 | D        | Found a stormy altar of Qazlal.
   258 | D        | Found a hide-covered altar of Uskayaw.
   258 | D        | Found a blossoming altar of Fedhas.
   258 | D        | Found a bloodstained altar of Trog.
   258 | D        | Found an iron altar of Okawaru.
   258 | D        | Found a basalt altar of Yredelemnul.
   258 | D        | Found a glowing golden altar of the Shining One.
   258 | D        | Found a snail-covered altar of Cheibriados.
   258 | D        | Found a sacrificial altar of Ru.
   258 | D        | Found a glowing silver altar of Zin.
   258 | D        | Found a shadowy altar of Dithmenos.
   258 | D        | Found a white marble altar of Elyvilon.
   258 | D        | Noticed a yak
   259 | D        | Found an opulent altar of Gozag.
   260 | D        | Killed a yak
   261 | D        | Reached skill level 10 in Stealth
   261 | D        | Found a sparkling altar of Nemelex Xobeh.
   269 | D        | Became a worshipper of Dithmenos the Shadowed
   282 | D        | Found a viscous altar of Jiyva.
   282 | D        | Found a corrupted altar of Lugonu.
   282 | D        | Noticed a slime creature
   283 | D        | Found a burning altar of Makhleb.
   283 | D        | Found a shimmering altar of Xom.
   291 | D        | Killed a slime creature
   292 | D        | Reached skill level 10 in Dodging
   292 | D        | Reached skill level 11 in Stealth
   292 | D        | Reached XP level 7. HP: 32/32 MP: 13/20
   318 | D        | Noticed Sonja
   324 | D        | Killed Sonja
   325 | D        | Reached skill level 12 in Stealth
   325 | D        | Reached skill level 10 in Spellcasting
   325 | D        | Reached skill level 10 in Hexes
   325 | D        | Reached XP level 8. HP: 36/36 MP: 14/23
   342 | D        | Noticed a deep troll
   346 | D        | Killed a deep troll
   346 | D        | Reached * piety under Dithmenos
   347 | D        | Reached skill level 13 in Stealth
   367 | D        | Found Toppol's Armour Emporium.
   397 | D        | Found Miukhlua's Antique Armour Boutique.
   411 | D        | Noticed a shining eye
   411 | D        | Noticed a shining eye
   411 | D        | Noticed a shining eye
   416 | D        | Paralysed by a floating eye for 2 turns
   461 | D        | Gained mutation: You are dopey. (Int -2) [a shining eye]
   461 | D        | Gained mutation: You are very dopey. (Int -4) [a shining
                  | eye]
   466 | D        | Killed a shining eye
   467 | D        | Reached skill level 10 in Short Blades
   467 | D        | Reached skill level 14 in Stealth
   467 | D        | Reached XP level 9. HP: 39/39 MP: 23/25
   469 | D        | Gained mutation: You do not regenerate when monsters are
                  | visible. [a shining eye]
   476 | D        | Gained mutation: Your body sometimes deteriorates upon
                  | taking damage. [a shining eye]
   494 | D        | Killed a shining eye
   494 | D        | Reached ** piety under Dithmenos
   504 | D        | Noticed a shining eye
   504 | D        | Noticed a shining eye
   504 | D        | Noticed a shining eye
   505 | D        | Noticed a shining eye
   505 | D        | Noticed a shining eye
   507 | D        | Killed a shining eye
   508 | D        | Reached skill level 15 in Stealth
   509 | D        | Killed a shining eye
   511 | D        | Paralysed by a floating eye for 2 turns
   513 | D        | Gained mutation: You are clumsy. (Dex -2) [a shining eye]
   517 | D        | Killed a shining eye
   517 | D        | Reached *** piety under Dithmenos
   521 | D        | Paralysed by a floating eye for 2 turns
   529 | D        | Paralysed by a floating eye for 3 turns
   532 | D        | Gained mutation: You are weak. (Str -2) [a shining eye]
   533 | D        | Gained mutation: Your magical capacity is low. (-10% MP) [a
                  | shining eye]
   538 | D        | Paralysed by a floating eye for 4 turns
   550 | D        | Reached XP level 10. HP: 44/44 MP: 19/24
   550 | D        | Gained mutation: You are very clumsy. (Dex -4) [a shining
                  | eye]
   551 | D        | Paralysed by a floating eye for 2 turns
   560 | D        | Gained mutation: You are partially covered in large bone
                  | plates. (SH +4) [a shining eye]
   564 | D        | Paralysed by a floating eye for 4 turns
   568 | D        | Lost strength.
   568 | D        | Gained mutation: You are very weak. (Str -4) [a shining
                  | eye]
   570 | D        | Gained mutation: You are frail. (-10% HP) [a shining eye]
   578 | D        | Paralysed by a floating eye for 4 turns
   581 | D        | Gained mutation: You tend to lose your temper in combat. [a
                  | shining eye]
   586 | D        | Gained mutation: Armour fits poorly on your strangely
                  | shaped body. [a shining eye]
   588 | D        | Paralysed by a floating eye for 3 turns
   592 | D        | Lost mutation: You are very clumsy. (Dex -4) [a shining
                  | eye]
   595 | D        | Killed a shining eye
   596 | D        | Reached skill level 16 in Stealth
   597 | D        | Paralysed by a floating eye for 3 turns
   602 | D        | Reached **** piety under Dithmenos
   607 | D        | Gained mutation: You often lose your temper in combat. [a
                  | shining eye]
   610 | D        | Gained mutation: You are very frail. (-20% HP) [a shining
                  | eye]
   622 | D        | Killed a shining eye
   623 | D        | Reached skill level 15 in Dodging
   662 | D        | Gained mutation: You occasionally shout uncontrollably at
                  | your foes. [a shining eye]
   679 | D        | Gained mutation: You sometimes yell uncontrollably at your
                  | foes. [a shining eye]
   681 | D        | Killed a shining eye
  1202 | D        | Killed a merfolk siren
  1752 | D        | Found Qeynerix's Armour Shop.
  1752 | D        | Found Cuab's Jewellery Shoppe.
  1752 | D        | Found Caexzel's Distillery.
  1752 | D        | Found Emnaul Fouqo's Weapon Emporium.
  1760 | D        | Bought a potion of mutation for 88 gold pieces
  1769 | D        | Bought a +4 ring of protection for 396 gold pieces
  1769 | D        | Lost mutation: You sometimes yell uncontrollably at your
                  | foes. [potion of mutation]
  1769 | D        | Lost mutation: You occasionally shout uncontrollably at
                  | your foes. [potion of mutation]
  1769 | D        | Gained mutation: You are mostly covered in large bone
                  | plates. (SH +6) [potion of mutation]
  1948 | D        | Killed a gargoyle
  1950 | D        | Noticed a centaur warrior
  1950 | D        | Noticed a centaur warrior
  1952 | D        | Killed a centaur warrior
  1953 | D        | Killed a centaur warrior
  1954 | D        | Reached skill level 17 in Stealth
  2644 | D        | Killed the 27-headed Lernaean hydra
  2822 | D        | Killed a merfolk siren
  2878 | D        | Noticed an oklob plant
  2880 | D        | Killed an oklob plant
  2889 | D        | Reached ***** piety under Dithmenos
  2895 | D        | Noticed an unseen horror
  2895 | D        | Noticed an unseen horror
  2908 | D        | Slain by an unseen horror

Illustrated notes

Levels and vault maps discovered:
D:        dungeon_sprint_1 [red_sonja_temple_1, red_sonja_temple_small_1]

Skill      XL: |  1  2  3  4  5  6  7  8  9 10 |
---------------+-------------------------------+-----
Short Blades   | 2 4 6 7 8 10 11 12 | 12.8
Dodging        | 4 6 8 10 11 13 14 16 | 16.2
Stealth        | 5 7 9 11 12 14 15 17 | 17.6
Spellcasting   | 4 5 7 8 10 11 12 14 | 14.0
Hexes          | 4 6 7 9 10 11 12 14 | 14.2

Action                   |  1- 3 |  4- 6 |  7- 9 | 10-12 || total
-------------------------+-------+-------+-------+-------++-------
Melee: Unarmed           |    25 |       |       |       ||    25
       Dagger            |     8 |     4 |    64 |    82 ||   158
Throw: Dart              |       |       |     8 |     2 ||    10
 Cast: Ensorcelled Hiber |     1 |     3 |     6 |     2 ||    12
       Corona            |     1 |       |     1 |       ||     2
  Use: Potion            |     3 |       |       |     1 ||     4
 Stab: Sleeping          |     2 |     4 |     8 |     8 ||    22
Armor: Troll leather arm |       |       |       |     1 ||     1
Dodge: Dodged            |    21 |       |     1 |    10 ||    32

Table legend: (Time is in decaauts)
 A = Elapsed time spent in this place.
 B = Non-inter-level travel time spent in this place.
 C = Inter-level travel time spent in this place.
 D = Time resting spent in this place.
 E = Time spent auto-exploring this place.
 F = Levels seen in this place.
 G = Mean time per level.
                   A        B        C        D        E       F      G
               +--------+--------+--------+--------+--------+-----+--------+
         Total |   3825 |   3825 |      0 |   3310 |      0 |   1 | 3825.0 |
       Dungeon |   3825 |   3825 |      0 |   3310 |      0 |   1 | 3825.0 |
               +--------+--------+--------+--------+--------+-----+--------+

Top non-repeatable levels by time:
       D: 3825 daAuts
